 Dungeon Crawl Stone Soup version 0.31-a0-965-g8a8ce12e04 (webtiles) character file.

Game seed: 15092562830738093587

190 wildpjah the Shield-Bearer (level 5, -1/46 HPs)
             Began as a Minotaur Fighter on Oct 26, 2023.
             Killed by divine providence
             ... invoked by an orc priest
              (13 damage)
             ... on level 3 of the Dungeon.
             The game lasted 00:03:21 (1943 turns).

wildpjah the Shield-Bearer (Minotaur Fighter)       Turns: 1943, Time: 00:03:21

Health: -1/46      AC:  7    Str: 23    XL:     5   Next: 41%
Magic:  4/4        EV:  9    Int:  5    God:
Gold:   99         SH:  4    Dex:  9    Spells: 4/4 levels left

rFire   . . .        a - +0 war axe
rCold   . . .        c - +0 buckler
rNeg    . . .        b - +0 scale mail
rPois   .            (helmet restricted)
rElec   .            (no cloak)
rCorr   .            (no gloves)
SInv    .            (no boots)
Will    .....        (no amulet) Stlth
                     (no ring)
HPRegen 0.27/turn    (no ring)
MPRegen 0.09/turn

%: no passive effects
@: studying Evocations, very slow
A: horns 2, retaliatory headbutt
a: no special abilities


You were on level 3 of the Dungeon.
You visited 1 branch of the dungeon, and saw 3 of its levels.

You collected 99 gold pieces.

Inventory:

Hand Weapons
 a - a +0 war axe (weapon)
Armour
 b - a +0 scale mail (worn)
 c - a +0 buckler (worn)
Scrolls
 f - a scroll of fear {unknown}
 i - 2 scrolls of revelation {unknown}
 j - a scroll of teleportation {unknown}
 k - a scroll of poison {unknown}
Potions
 d - 2 potions of might
 e - 2 potions of curing {unknown}
 g - a potion of haste {unknown}
 h - a potion of invisibility {unknown}


   Skills:
 + Level 4.3 Fighting
 + Level 4.6 Axes
 + Level 4.5 Armour
 + Level 1.0 Dodging
 + Level 0.6 Stealth
 + Level 4.6 Shields


You had 4 spell levels left.
You didn't know any spells.
Your spell library was empty.

Dungeon Overview and Level Annotations

Branches:
Dungeon (3/15)

Altars:


Innate Abilities, Weirdness & Mutations

You have a pair of horns on your head.
You reflexively headbutt those who attack you in melee.


Message History

You are too injured to fight recklessly!
You are too injured to fight recklessly!
You are too injured to fight recklessly!
You are too injured to fight recklessly!
You are too injured to fight recklessly!
You are too injured to fight recklessly!
You are too injured to fight recklessly!
You are too injured to fight recklessly!
You are too injured to fight recklessly!
You are too injured to fight recklessly!
You are too injured to fight recklessly!
You are too injured to fight recklessly!
You closely miss the orc priest. You headbutt the orc priest.
The orc priest is heavily wounded.
You hit the orc priest. You closely miss the orc.
The orc priest calls down the wrath of Beogh upon you.
Pain shoots through your body!
* * * LOW HITPOINT WARNING * * *
The orc priest barely misses you. You block the orc's attack.
You slash the orc priest!
You kill the orc priest!
You hear a splash.
You hit the orc priest. You closely miss the orc.
The orc priest splashes around in the water.
You have reached level 5!
You hit the orc priest. You headbutt the orc priest.
You kill the orc priest!
You hear a splash. x2
You closely miss the orc.
The orc priest miscasts a cantrip.
The orc splashes around in the water.
The orc priest casts a cantrip, but nothing happens.
Your life force feels restored.
Your Dodging skill increases to level 1!
You hit the orc.
The orc is lightly wounded.
The orc splashes around in the water.
The orc priest calls down the wrath of Beogh upon you.
Beogh smites you!
You die...

.......'†...............>.#####
.#######[.....########........#
.# #......## ##.).####.### .#
#.......######.#..##...... ^#
#...##+##♣~~♣#.#..##...... .#
##### ~~♣#♣♣~'............ ##
♣†♣#♣~#.##..#......
#♣†♣~♣####......... ♣)@o♣#
#.#....... ♣~♣~♣# #.#......[
#~♣#♣o #.##...### +~ ♣o
#.####..# # #' #.. ##.# .. ###
..# .. #.. .. #. .


You could see an orc priest and 2 orcs.

Vanquished Creatures
  A scorpion (D:3)
  2 orc priests (D:3)
  2 adders (D:3)
  A dart slug (D:1)
  2 orcs
  4 ball pythons
  2 endoplasms (D:1)
  6 giant cockroaches
  3 goblins
  4 hobgoblins
  2 quokkas
  3 bats
  11 frilled lizards
  4 kobolds
  9 rats
56 creatures vanquished.

Notes
Turn   | Place    | Note
-------+----------+-------------------------------------------
     0 | D:1      | wildpjah the Minotaur Fighter began the quest for the Orb.
     0 | D:1      | Reached XP level 1. HP: 19/19 MP: 0/0
   175 | D:1      | Reached XP level 2. HP: 27/27 MP: 1/1
   974 | D:2      | Reached XP level 3. HP: 33/33 MP: 2/2
  1600 | D:3      | Noticed a scorpion
  1610 | D:3      | Killed a scorpion
  1611 | D:3      | Reached XP level 4. HP: 22/40 MP: 3/3
  1942 | D:3      | Reached XP level 5. HP: 11/44 MP: 4/4
  1943 | D:3      | Reached skill level 1 in Dodging
  1943 | D:3      | Killed from afar by an orc priest

Illustrated notes

Levels and vault maps discovered:
D:1:      sevenhm_arrival_forest_fort_small_3, layout_loops_ring,
          minmay_misc_feat_cross
D:2:      layout_loops_ring
D:3:      layout_basic, saegor_snake_ambush

Skill      XL: |  1  2  3  4  5 |
---------------+----------------+-----
Shields        | 4 |  4.6
Axes           | 3 4 |  4.6
Fighting       | 4 |  4.3
Armour         | 4 |  4.5
Dodging        | 1 |  1.0
Stealth        | |  0.6

Action                     |  1- 3 |  4- 6 || total
---------------------------+-------+-------++-------
  Melee: War axe           |    73 |    55 ||   128
         Headbutt          |     6 |     7 ||    13
 Armour: Scale mail        |    50 |    45 ||    95
  Dodge: Dodged            |    32 |    24 ||    56
  Block: Buckler           |    18 |    12 ||    30

Table legend: (Time is in decaauts)
 A = Elapsed time spent in this place.
 B = Non-inter-level travel time spent in this place.
 C = Inter-level travel time spent in this place.
 D = Time resting spent in this place.
 E = Time spent auto-exploring this place.
 F = Levels seen in this place.
 G = Mean time per level.
                   A        B        C        D        E       F      G
               +--------+--------+--------+--------+--------+-----+--------+
         Total |   1994 |   1916 |     78 |      0 |   1602 |   3 |  664.7 |
       Dungeon |   1994 |   1916 |     78 |      0 |   1602 |   3 |  664.7 |
               +--------+--------+--------+--------+--------+-----+--------+

Top non-repeatable levels by time:
     D:1: 911 daAuts
     D:2: 713 daAuts
     D:3: 369 daAuts
